[ AOE2 MATCH · #505532795 ]
UnrankedCelts vs Celts
Player's team · LOSS
Rival team · WIN
[ REPLAY ANALYSIS · EXTRACTED FROM THE RECORDED GAME ]
Feudal
8:51
Castle
29:40
Imperial
—
| APM avg | 50.9 |
| APM peak | 113 |
| eAPM avg | 30.7 |
| Villagers / military | 163 / 236 |
Focus
⚔️ 50.4% · 🌾 49.6%
Militia ×84 · Spearman ×83 · Archer ×20 · Battering Ram ×19 · Monk ×10 · Mangonel ×10
Feudal
11:01
Castle
23:59
Imperial
38:34
| APM avg | 49.8 |
| APM peak | 77 |
| eAPM avg | 27.2 |
| Villagers / military | 158 / 196 |
Focus
⚔️ 37.6% · 🌾 62.4%
Archer ×64 · Woad Raider ×41 · Knight ×37 · Battering Ram ×15 · Militia ×11 · Scout Cavalry ×9
Match map
Initial resources + every placement click. Lines = walls · curves = elevation contours. ◆ gold · ⬟ stone · ● berries · ✦ relic · ◌ wall gap
Your base· Open — 4t gap
The Guy With The Magic Keyboard's base· Open — 4t gap
Smoothed initial terrain · ◌ = detected wall gap · hover for details
Inputs per minute
— [GDL] Good_Guys - - The Guy With The Magic Keyboard
Build order — [GDL] Good_Guys
First 150 of 474 actions detected
| 0:01 | Create | Villager (Male) |
| 0:02 | Build | House |
| 0:03 | Build | House |
| 0:11 | Create | Villager (Male) ×3 |
| 0:11 | Create | Villager (Male) ×3 |
| 1:28 | Create | Villager (Male) |
| 1:28 | Create | Villager (Male) |
| 1:53 | Build | Lumber Camp |
| 1:58 | Create | Villager (Male) |
| 1:59 | Create | Villager (Male) |
| 1:59 | Create | Villager (Male) |
| 2:49 | Create | Villager (Male) |
| 2:49 | Create | Villager (Male) |
| 3:12 | Create | Villager (Male) |
| 3:38 | Build | House |
| 4:07 | Create | Villager (Male) |
| 4:07 | Create | Villager (Male) |
| 4:18 | Build | House |
| 4:47 | Create | Villager (Male) |
| 4:53 | Build | Mill |
| 5:21 | Create | Villager (Male) |
| 5:45 | Create | Villager (Male) |
| 5:55 | Research | Loom |
| 6:41 | Research | Feudal Age |
| 6:54 | Build | Barracks |
| 7:30 | Build | House |
| 8:03 | Build | Palisade Gate |
| 8:04 | Create | Militia |
| 8:04 | Create | Militia |
| 8:04 | Create | Militia |
| 8:25 | Build | Barracks |
| 8:45 | Build | Palisade Gate |
| 8:51 | Age | Feudal Age |
| 8:55 | Create | Villager (Male) |
| 8:55 | Create | Villager (Male) |
| 9:12 | Create | Spearman |
| 9:13 | Create | Spearman |
| 9:17 | Create | Villager (Male) |
| 9:18 | Research | Double-Bit Axe |
| 9:33 | Create | Villager (Male) |
| 9:45 | Build | Mining Camp |
| 9:48 | Create | Villager (Male) |
| 10:01 | Create | Villager (Male) |
| 10:26 | Build | House |
| 10:38 | Create | Militia |
| 10:38 | Create | Militia |
| 11:08 | Research | Gold Mining |
| 11:22 | Build | Watch Tower |
| 11:44 | Create | Villager (Male) |
| 11:48 | Create | Militia |
| 12:16 | Build | Gate |
| 12:18 | Build | House |
| 12:21 | Build | House |
| 12:26 | Build | House |
| 12:29 | Build | House |
| 12:37 | Build | House |
| 12:50 | Create | Villager (Male) |
| 12:50 | Create | Villager (Male) |
| 12:57 | Research | Man-at-Arms (upgrade) |
| 12:57 | Research | Man-at-Arms (upgrade) |
| 13:19 | Build | Mining Camp |
| 13:21 | Create | Villager (Male) |
| 13:36 | Create | Villager (Male) |
| 13:56 | Create | Villager (Male) |
| 14:20 | Create | Militia |
| 14:20 | Create | Militia |
| 14:37 | Build | Blacksmith |
| 14:41 | Create | Militia |
| 14:41 | Create | Militia |
| 14:44 | Build | Farm |
| 14:44 | Build | Farm |
| 14:44 | Build | Farm |
| 14:45 | Build | Farm |
| 14:45 | Build | Farm |
| 14:45 | Build | Farm |
| 14:51 | Create | Militia |
| 14:51 | Create | Militia |
| 15:10 | Create | Villager (Male) |
| 15:10 | Create | Villager (Male) |
| 15:14 | Build | House |
| 15:15 | Build | House |
| 15:18 | Build | House |
| 15:41 | Build | Watch Tower |
| 15:53 | Research | Scale Mail Armor |
| 15:58 | Build | Farm |
| 15:59 | Build | Farm |
| 16:09 | Create | Militia |
| 16:09 | Create | Militia |
| 16:40 | Create | Militia |
| 16:40 | Create | Militia |
| 16:55 | Create | Militia |
| 16:55 | Create | Militia |
| 17:10 | Build | Farm |
| 17:11 | Build | Farm |
| 17:13 | Build | Farm |
| 17:14 | Build | Farm |
| 17:16 | Create | Villager (Male) |
| 17:18 | Create | Militia |
| 17:19 | Create | Militia |
| 17:42 | Create | Villager (Male) |
| 17:42 | Create | Villager (Male) |
| 17:45 | Build | Farm |
| 18:03 | Create | Militia |
| 18:04 | Create | Militia |
| 18:11 | Build | House |
| 18:12 | Build | House |
| 18:34 | Research | Forging |
| 18:39 | Build | Farm |
| 18:42 | Create | Villager (Male) |
| 18:43 | Create | Villager (Male) |
| 18:53 | Create | Villager (Male) |
| 19:10 | Build | Farm |
| 19:11 | Build | Farm |
| 19:38 | Build | Watch Tower |
| 19:47 | Research | Fletching |
| 19:48 | Create | Villager (Male) |
| 19:48 | Create | Villager (Male) |
| 20:03 | Create | Militia |
| 20:03 | Create | Militia |
| 20:07 | Build | Farm |
| 20:08 | Build | Farm |
| 20:08 | Build | Farm |
| 20:08 | Build | Farm |
| 20:08 | Build | Farm |
| 20:11 | Create | Militia |
| 20:11 | Create | Militia |
| 20:39 | Create | Militia |
| 20:40 | Create | Militia |
| 20:41 | Build | Farm |
| 20:55 | Build | Farm |
| 20:56 | Create | Villager (Male) |
| 21:00 | Create | Militia |
| 21:00 | Create | Militia |
| 21:10 | Create | Militia |
| 21:11 | Create | Militia |
| 21:13 | Create | Villager (Male) |
| 21:17 | Build | House |
| 21:20 | Build | House |
| 21:20 | Build | House |
| 21:21 | Build | House |
| 21:33 | Create | Militia |
| 21:33 | Create | Militia |
| 21:45 | Create | Villager (Male) |
| 21:47 | Build | Lumber Camp |
| 21:49 | Create | Militia |
| 21:49 | Create | Militia |
| 22:00 | Create | Villager (Male) |
| 22:00 | Create | Villager (Male) |
| 22:15 | Research | Arson |
| 22:35 | Create | Villager (Male) |
Build order — The Guy With The Magic Keyboard
First 150 of 589 actions detected
| 0:00 | Create | Villager (Male) |
| 0:00 | Create | Villager (Male) |
| 0:01 | Create | Villager (Male) |
| 0:02 | Build | House |
| 0:02 | Build | House |
| 0:08 | Create | Villager (Male) |
| 1:19 | Build | Lumber Camp |
| 1:23 | Create | Villager (Male) |
| 1:23 | Create | Villager (Male) |
| 1:39 | Create | Villager (Male) |
| 1:39 | Create | Villager (Male) |
| 2:24 | Create | Villager (Male) |
| 2:24 | Create | Villager (Male) |
| 2:39 | Create | Villager (Male) |
| 3:06 | Create | Villager (Male) |
| 3:06 | Create | Villager (Male) |
| 3:24 | Build | House |
| 3:26 | Build | House |
| 3:33 | Create | Villager (Male) |
| 3:55 | Create | Villager (Male) |
| 4:02 | Create | Villager (Male) |
| 4:02 | Create | Villager (Male) |
| 4:32 | Build | Barracks |
| 4:46 | Create | Villager (Male) |
| 4:46 | Create | Villager (Male) |
| 4:54 | Create | Villager (Male) |
| 4:54 | Create | Villager (Male) |
| 5:15 | Build | House |
| 5:31 | Create | Villager (Male) |
| 5:32 | Create | Villager (Male) |
| 5:32 | Create | Villager (Male) |
| 5:43 | Create | Militia |
| 5:43 | Create | Militia |
| 5:44 | Create | Militia |
| 5:44 | Create | Militia |
| 5:50 | Create | Villager (Male) |
| 5:52 | Create | Villager (Male) |
| 5:53 | Create | Villager (Male) |
| 6:20 | Create | Villager (Male) |
| 6:34 | Build | Mining Camp |
| 6:45 | Create | Villager (Male) |
| 6:47 | Create | Villager (Male) |
| 7:00 | Create | Militia |
| 7:47 | Create | Villager (Male) |
| 7:51 | Build | House |
| 8:26 | Create | Villager (Male) |
| 8:29 | Research | Feudal Age |
| 8:42 | Build | House |
| 9:15 | Build | Mill |
| 9:25 | Research | Loom |
| 9:47 | Create | Villager (Male) |
| 9:52 | Build | Palisade Wall |
| 9:53 | Build | Palisade Wall |
| 9:57 | Build | Palisade Wall |
| 9:59 | Build | Palisade Wall |
| 10:02 | Build | Palisade Wall |
| 10:03 | Build | Palisade Wall |
| 10:14 | Create | Villager (Male) |
| 10:43 | Build | House |
| 10:45 | Build | House |
| 10:46 | Build | Palisade Wall |
| 10:48 | Build | Palisade Wall |
| 10:50 | Build | Palisade Wall |
| 10:52 | Build | Palisade Wall |
| 10:55 | Build | House |
| 10:56 | Build | Palisade Wall |
| 10:57 | Build | Palisade Wall |
| 10:58 | Build | Palisade Wall |
| 11:01 | Age | Feudal Age |
| 11:04 | Research | Man-at-Arms (upgrade) |
| 11:09 | Create | Villager (Male) |
| 11:11 | Build | Archery Range |
| 11:16 | Research | Double-Bit Axe |
| 11:16 | Research | Double-Bit Axe |
| 11:37 | Create | Villager (Male) |
| 12:05 | Create | Archer |
| 12:14 | Create | Militia |
| 12:39 | Create | Villager (Male) |
| 12:40 | Create | Archer |
| 12:48 | Build | Mining Camp |
| 13:00 | Create | Archer |
| 13:05 | Create | Villager (Male) |
| 13:10 | Create | Villager (Male) |
| 13:12 | Build | Farm |
| 13:14 | Build | Farm |
| 13:15 | Create | Villager (Male) |
| 13:21 | Create | Archer |
| 13:33 | Build | Farm |
| 13:46 | Create | Villager (Male) |
| 13:53 | Build | Farm |
| 13:54 | Build | Farm |
| 13:59 | Create | Villager (Male) |
| 14:20 | Build | Farm |
| 14:23 | Build | Farm |
| 14:24 | Create | Villager (Male) |
| 14:42 | Build | Mining Camp |
| 14:58 | Create | Militia |
| 15:00 | Create | Militia |
| 15:05 | Build | Blacksmith |
| 15:11 | Build | Watch Tower |
| 15:18 | Create | Villager (Male) |
| 15:30 | Build | Farm |
| 15:31 | Create | Archer |
| 15:47 | Create | Militia |
| 15:49 | Create | Villager (Male) |
| 15:56 | Research | Gold Mining |
| 16:40 | Create | Archer |
| 16:41 | Research | Fletching |
| 16:41 | Research | Fletching |
| 16:43 | Build | House |
| 16:54 | Create | Villager (Male) |
| 17:10 | Create | Villager (Male) |
| 17:13 | Build | Farm |
| 17:15 | Build | Farm |
| 17:16 | Research | Scale Mail Armor |
| 17:18 | Create | Archer |
| 17:25 | Build | Farm |
| 17:27 | Build | Farm |
| 17:30 | Build | Lumber Camp |
| 17:34 | Build | Market |
| 17:51 | Create | Archer |
| 17:51 | Create | Villager (Male) |
| 17:52 | Create | Villager (Male) |
| 17:57 | Build | Farm |
| 18:06 | Create | Villager (Male) |
| 18:20 | Create | Archer |
| 18:22 | Create | Militia |
| 18:28 | Research | Scale Mail Armor |
| 18:33 | Build | House |
| 18:35 | Build | House |
| 18:39 | Create | Villager (Male) |
| 18:47 | Build | Watch Tower |
| 18:54 | Create | Archer |
| 18:55 | Create | Villager (Male) |
| 19:17 | Build | House |
| 19:23 | Build | House |
| 19:34 | Create | Villager (Male) |
| 19:54 | Build | Palisade Wall |
| 20:06 | Create | Archer |
| 20:06 | Create | Archer |
| 20:26 | Build | Mill |
| 20:29 | Create | Villager (Male) |
| 20:33 | Create | Archer |
| 20:48 | Create | Archer |
| 20:49 | Create | Villager (Male) |
| 20:53 | Build | Farm |
| 21:02 | Build | Lumber Camp |
| 21:07 | Research | Castle Age |
| 21:08 | Research | Castle Age |
| 21:31 | Create | Villager (Male) |
Match timeline
| 4:32 | The Guy With The Magic Keyboard · first_building Barracks |
| 6:54 | [GDL] Good_Guys · first_building Barracks |
| 8:51 | [GDL] Good_Guys · age_up feudal |
| 9:52 | The Guy With The Magic Keyboard · wall_segment Palisade Wall x1 |
| 9:53 | The Guy With The Magic Keyboard · wall_segment Palisade Wall x1 |
| 9:57 | The Guy With The Magic Keyboard · wall_segment Palisade Wall x1 |
| 9:59 | The Guy With The Magic Keyboard · wall_segment Palisade Wall x1 |
| 10:02 | The Guy With The Magic Keyboard · wall_segment Palisade Wall x1 |
| 10:03 | The Guy With The Magic Keyboard · wall_segment Palisade Wall x1 |
| 10:46 | The Guy With The Magic Keyboard · wall_segment Palisade Wall x1 |
| 10:48 | The Guy With The Magic Keyboard · wall_segment Palisade Wall x1 |
| 10:50 | The Guy With The Magic Keyboard · wall_segment Palisade Wall x1 |
| 10:52 | The Guy With The Magic Keyboard · wall_segment Palisade Wall x1 |
| 10:56 | The Guy With The Magic Keyboard · wall_segment Palisade Wall x1 |
| 10:57 | The Guy With The Magic Keyboard · wall_segment Palisade Wall x1 |
| 10:58 | The Guy With The Magic Keyboard · wall_segment Palisade Wall x1 |
| 11:01 | The Guy With The Magic Keyboard · age_up feudal |
| 11:11 | The Guy With The Magic Keyboard · first_building Archery Range |
| 19:37 | The Guy With The Magic Keyboard · first_market_sell 100 wood |
| 19:39 | The Guy With The Magic Keyboard · first_market_buy 100 food |
| 19:54 | The Guy With The Magic Keyboard · wall_segment Palisade Wall x1 |
| 22:42 | [GDL] Good_Guys · first_building Archery Range |
| 23:59 | The Guy With The Magic Keyboard · age_up castle |
| 25:24 | The Guy With The Magic Keyboard · first_building Siege Workshop |
| 27:41 | [GDL] Good_Guys · first_building Stable |
| 28:01 | The Guy With The Magic Keyboard · first_building Monastery |
| 29:40 | [GDL] Good_Guys · age_up castle |
| 30:12 | [GDL] Good_Guys · first_building Siege Workshop |
| 32:08 | [GDL] Good_Guys · first_market_sell 100 food |
| 34:44 | [GDL] Good_Guys · first_building Monastery |
| 34:49 | The Guy With The Magic Keyboard · first_building Castle |
| 37:05 | The Guy With The Magic Keyboard · first_building Stable |
| 38:34 | The Guy With The Magic Keyboard · age_up imperial |
| 38:57 | [GDL] Good_Guys · first_building Castle |
| 42:41 | [GDL] Good_Guys · first_market_buy 500 stone |
| 52:47 | [GDL] Good_Guys · resign |
[ AI ANALYSIS · 1 CREDIT ]
What really happened in this match?
Wolo.gg analyzes every decision: build order, eco, micro, common mistakes by bracket. Personalized analysis on WhatsApp or Discord in 30 seconds.
Civ guide
Celts
Perfil
[GDL] Good_Guys